 Dungeon Crawl Stone Soup version 0.23.0 (webtiles) character file.

Game seed: 2709457230667584854

268236 Kondrat the Executioner (level 21, 0/171 HPs)
             Began as a Formicid Fighter on Feb 8, 2019.
             Was the Champion of Okawaru.
             Slain by a merfolk
             ... wielding a +0 trident
              (2 damage)
             ... while petrified by you
             ... on level 4 of the Shoals.
             The game lasted 02:08:10 (39527 turns).

Kondrat the Executioner (Formicid Fighter)         Turns: 39527, Time: 02:08:14

Health: 0/171      AC: 30    Str: 34    XL:     21   Next: 42%
Magic:  27/27      EV:  2    Int: 10    God:    Okawaru [******]
Gold:   3381       SH:  0    Dex:  8    Spells: 20/20 levels left

rFire    + . .     SeeInvis +   g - +6 battleaxe (vamp)
rCold    + + +     Gourm    .   U - +1 large shield {rPois}
rNeg     + + +     Faith    +   L - +7 chain mail of Foolhardiness {+Fly rC+ Dex-2 Slay+3}
rPois    ∞         Spirit   .   (helmet unavailable)
rElec    +         Reflect  .   t - +0 cloak {rPois}
rCorr    .         Harm     .   P - +2 pair of gloves
MR       ++...                  Q - +3 pair of boots of Untold Secrets {+Fly rElec rC+ Str+5}
Stlth    ..........             a - amulet of faith
HPRegen  0.38/turn              y - ring of protection from cold
MPRegen  0.20/turn              N - ring of protection from fire

@: lethally poisoned (0 -> 0), petrified, afraid, marked, barbed spikes, flying,
mesmerised
A: permanent stasis, dig shafts and tunnels, four strong arms, antennae 3
}: 1/15 runes: serpentine
a: Dig, Shaft Self, Heroism, Finesse, Renounce Religion, Stop Flying


You were on level 4 of the Shoals.
You worshipped Okawaru.
Okawaru was exalted by your worship.
You were hungry.

You visited 7 branches of the dungeon, and saw 33 of its levels.
You also visited: Sewer and Ossuary.

You collected 5142 gold pieces.
You spent 1761 gold pieces at shops.

Inventory:

Hand Weapons
 b - a +3 executioner's axe of venom
 g - a +6 vampiric battleaxe (weapon)
 B - a +2 battleaxe of flaming
Missiles
 p - 9 throwing nets (quivered)
Armour
 t - a +0 cloak of poison resistance (worn)
 L - the +7 chain mail of Foolhardiness (worn) {+Fly rC+ Dex-2 Slay+3}
   (You found it on level 1 of the Orcish Mines)

   It affects your dexterity (-2).
   It affects your accuracy and damage with ranged weapons and melee attacks
   (+3).
   It protects you from cold.
   It lets you fly.
 O - a +4 plate armour of fire resistance
 P - a +2 pair of gloves (worn)
 Q - the +3 pair of boots of Untold Secrets (worn) {+Fly rElec rC+ Str+5}
   (You found it on level 10 of the Dungeon)

   It affects your strength (+5).
   It protects you from cold.
   It insulates you from electricity.
   It lets you fly.
 U - a +1 large shield of poison resistance (worn)
Jewellery
 a - an amulet of faith (around neck)
 r - the amulet "Tufaus" {rF++ Regen+ Int+6 Stlth-}
   (You found it on level 1 of the Depths)

   [amulet of regeneration]

   It affects your intelligence (+6).
   It greatly protects you from fire.
   It increases your rate of regeneration.
   It makes you less stealthy.
 s - an uncursed ring of fire
 y - a ring of protection from cold (left hand)
 N - a ring of protection from fire (right hand)
 S - an uncursed ring of protection from magic
Scrolls
 c - 3 scrolls of enchant weapon
 e - a scroll of holy word
 h - 5 scrolls of enchant armour
 i - 9 scrolls of amnesia
 k - 6 scrolls of immolation
 l - a scroll of vulnerability {unknown}
 m - 12 scrolls of remove curse
 D - 5 scrolls of fog
 G - 8 scrolls of identify
 I - 3 scrolls of silence
 M - 5 scrolls of fear
 R - 2 scrolls of magic mapping
 T - 2 scrolls of acquirement
 Z - a scroll of summoning
Potions
 d - 7 potions of might
 j - 4 potions of brilliance
 n - a potion of resistance
 q - 12 potions of curing
 u - 9 potions of magic
 v - 4 potions of flight
 w - 3 potions of cancellation
 z - a potion of agility
 A - 2 potions of lignification
 C - 3 potions of invisibility
 F - a potion of ambrosia
 X - 2 potions of heal wounds
Comestibles
 f - 34 rations


   Skills:
 - Level 16.0 Fighting
 + Level 23.0 Axes
   Level 5.6 Staves
 - Level 16.0 Armour
 - Level 15.0 Shields
 - Level 9.0 Invocations


You had 20 spell levels left.
You didn't know any spells.
Your spell library contained the following spells:

 Spells                   Type           Power        Failure   Level  Hunger
 Confusing Touch          Hex            #.....       71%         1    ##.....
 Corona                   Hex            #......      71%         1    ##.....
 Flame Tongue             Conj/Fire      #....        71%         1    ##.....
 Magic Dart               Conj           #...         71%         1    ##.....
 Summon Butterflies       Summ           #.......     71%         1    ##.....
 Summon Small Mammal      Summ           #...         71%         1    ##.....
 Call Imp                 Summ           #.......     83%         2    ###....
 Corpse Rot               Necr           N/A          83%         2    ###....
 Ensorcelled Hibernation  Hex/Ice        #.....       83%         2    ###....
 Searing Ray              Conj           #.....       83%         2    ###....
 Throw Flame              Conj/Fire      #.....       83%         2    ###....
 Call Canine Familiar     Summ           #.......     97%         3    ####...
 Confuse                  Hex            #.......     97%         3    ####...
 Conjure Flame            Conj/Fire      #.......     97%         3    ####...
 Dazzling Spray           Conj/Hex       #.....       97%         3    ####...
 Gell's Gravitas          Tloc           #.........   97%         3    ####...
 Inner Flame              Hex/Fire       #.......     97%         3    ####...
 Stone Arrow              Conj/Erth      #.....       97%         3    ####...
 Summon Guardian Golem    Hex/Summ       #.......     97%         3    ####...
 Tukima's Dance           Hex            #.......     97%         3    ####...
 Cause Fear               Hex            #.........   100%        4    #####..
 Force Lance              Conj/Tloc      #.......     100%        4    #####..
 Fulminant Prism          Conj/Hex       #.........   100%        4    #####..
 Iskenderun's Mystic Bla  Conj           #.......     100%        4    #####..
 Leda's Liquefaction      Hex/Erth       #.........   100%        4    #####..
 Petrify                  Tmut/Erth      #.......     100%        4    #####..
 Sticky Flame             Conj/Fire      #.......     100%        4    #####..
 Summon Ice Beast         Ice/Summ       #.......     100%        4    #####..
 Summon Lightning Spire   Summ/Air       #.......     100%        4    #####..
 Fireball                 Conj/Fire      #.........   100%        5    ######.
 Irradiate                Conj/Tmut      #.........   100%        5    ######.
 Metabolic Englaciation   Hex/Ice        #.........   100%        5    ######.
 Silence                  Hex/Air        #.........   100%        5    ######.
 Summon Forest            Summ/Tloc      #.........   100%        5    ######.
 Summon Mana Viper        Hex/Summ       #.......     100%        5    ######.
 Yara's Violent Unravell  Hex/Tmut       #.........   100%        5    ######.
 Conjure Ball Lightning   Conj/Air       #.........   100%        6    #######
 Deflect Missiles         Chrm/Air       #.........   100%        6    #######
 Hydra Form               Tmut           #.........   100%        6    #######
 Statue Form              Tmut/Erth      #........    100%        6    #######
 Dragon Form              Tmut           #.........   100%        7    #######
 Summon Hydra             Summ           #.........   100%        7    #######
 Discord                  Hex            #.........   100%        8    #######
 Tornado                  Air            #.........   100%        9    #######


Dungeon Overview and Level Annotations

Branches:
Dungeon (15/15)            Temple (1/1) D:4            Lair (6/6) D:8
 Shoals (4/4) Lair:3        Snake (4/4) Lair:3        Slime (0/5) Lair:5
    Orc (2/2) D:11            Elf (0/3) Orc:2        Vaults (0/5) D:13
 Depths (1/5) D:15

Altars:
Ashenzari
Cheibriados
Dithmenos
Elyvilon
Fedhas
Gozag
Hepliaklqana
Kikubaaqudgha
Makhleb
Nemelex Xobeh
Okawaru
Qazlal
Ru
Sif Muna
Trog
Uskayaw
Vehumet
Wu Jian
Xom
Yredelemnul
Zin
The Shining One
Jiyva

Shops:
D:7 %   D:9 :   D:12 }   Orc:2 }*[:(   Snake:3 [?*((   Snake:4 (   Depths:1 (

Portals:
Hell: Depths:1

Annotations:
Shoals:4 Polyphemus; tidbits's ghost, journeyman GnSk


Innate Abilities, Weirdness & Mutations

You cannot be hasted, slowed, berserked, paralysed or teleported.
You can dig through walls and to a lower floor.
Your four strong arms can wield two-handed weapons with a shield.
You have a pair of large antennae on your head. (SInv)


Message History

The harpy claws you but does no damage. The harpy completely misses you.
The harpy barely misses you. The harpy claws you but does no damage.
A merfolk siren comes into view. It is wielding a +0 spear.
The manticore flicks its tail.
The volley of spikes hits you!!
The barbed spikes become lodged in your body.
* * * LOW HITPOINT WARNING * * *
The merfolk siren chants its luring song.
A merfolk avatar comes into view.
The harpy claws you but does no damage. x2
A merfolk avatar comes into view.
A merfolk comes into view. It is wielding a -2 trident.
The merfolk avatar chants its luring song.
Tidbits's ghost completely misses you.
The merfolk avatar chants its luring song.
The merfolk aquamancer casts a spell.
The merfolk aquamancer blinks!
The merfolk siren chants a haunting song.
The merfolk hits you from afar with a +0 trident.
You die...

≈≈≈≈≈≈≈≈(...
..≈.≈≈≈≈≈≈≈≈≈m≈≈≈≈≈≈≈....
..≈m≈≈≈≈≈≈≈≈≈≈≈≈≈≈≈≈≈≈(##.
..≈YC≈≈≈≈m≈≈≈≈≈≈≈≈≈≈≈<.###
≈≈≈≈m≈≈≈≈≈≈≈≈≈≈≈≈≈≈≈≈≈≈###
≈≈Y≈≈≈≈≈≈≈≈≈≈≈≈≈≈≈≈≈≈≈≈...
≈≈≈≈≈≈≈mHC≈≈≈≈≈≈m≈≈≈≈≈≈≈..
.Y≈m≈≈EmW≈≈≈≈≈≈≈≈≈≈≈≈≈≈≈≈≈
≈≈≈≈≈≈mHS@m≈≈≈≈#####≈≈≈≈≈≈
.Y≈≈≈≈§HHHH≈≈≈##≈≈≈##≈≈≈≈≈
≈≈≈≈≈≈YccS≈≈≈≈#≈≈≈≈≈#≈≈≈≈≈
≈≈≈..§.SYcccm≈#≈≈≈≈)(≈....
≈≈≈m....mS.m((#≈≈≈≈≈#.....
≈≈≈.m...$...≈k##≈≈≈##.....
≈≈........tm)≈(#####......
≈≈$P...P...m..mm≈≈........
..............^.m(........


You could see Polyphemus, 4 merfolk avatars, 2 merfolk impalers, 3 death yaks, a
catoblepas, 2 satyrs, 4 sea snakes, 3 merfolk aquamancers, a snapping turtle, a
wind drake, 3 merfolk, 3 fauns, a manticore, a cyclops, a water elemental, 4
merfolk sirens, 3 water nymphs, 5 harpies and tidbits's ghost.

Vanquished Creatures
  The ghost of Tunlugh the Earth Mage, an adept GrEE of Vehumet (Lair:4)
  A kraken (Shoals:1)
  A storm dragon (Depths:1)
  A tengu reaver (Depths:1)
  Ilsuiw (Shoals:2)
  3 fire giants
  A frost giant (D:13)
  9 nagarajas
  2 orc warlords
  A balrug (Depths:1)
  2 very ugly things (D:15)
  7 stone giants
  2 vampire knights (Depths:1)
  5 dire elephants (Lair:6)
  The ghost of EnegeticOcto the Cleaver, a journeyman DDFi of Makhleb (Lair:4)
  A spark wasp (Depths:1)
  The ghost of Aricsoirch the Bludgeoner, a journeyman GrFi of Okawaru (Lair:4)
  5 merfolk javelineers
  Snorg (Orc:1)
  Josephine (Orc:1)
  Erolcha (D:9)
  3 merfolk impalers
  3 ettins (Depths:1)
  2 great orbs of eyes (Depths:1)
  3 fire dragons (Depths:1)
  An ogre mage (Depths:1)
  3 hydras
  Harold (D:7)
  29 naga warriors
  2 rakshasas (Depths:1)
  3 ice dragons (Depths:1)
  4 merfolk aquamancers
  A death knight (D:13)
  A spriggan air mage (Depths:1)
  7 vault guards
  Erica (D:9)
  5 anacondas
  5 centaur warriors
  3 two-headed ogres
  4 deep troll shamans
  A vampire mage (Depths:1)
  3 death yaks (D:8)
  3 tengu warriors
  3 shock serpents
  2 spriggan berserkers (Depths:1)
  A deep troll earth mage (Depths:1)
  7 orc high priests
  28 naga sharpshooters
  2 sun demons (Depths:1)
  A storm dragon zombie (D:15)
  2 spriggans (Depths:1)
  Nergalle (Orc:1)
  2 salamander mystics (Snake:4)
  5 skeletal warriors
  2 iron trolls (Depths:1)
  6 sea snakes
  An unseen horror (D:13)
  11 naga ritualists
  2 flayed ghosts
  The ghost of Unholydonuts the Thaumaturge, a novice DEFE of Vehumet (D:8)
  2 wizards
  A deep elf archer (Orc:1)
  6 deep trolls (Depths:1)
  A lindwurm (Lair:6)
  A wolf spider zombie (D:10)
  9 mana vipers
  A necromancer (D:15)
  4 deep elf magi
  2 harpies (Shoals:4)
  4 orc knights
  4 orc sorcerers
  2 oklob plants
  9 salamanders
  6 cyclopes
  26 ugly things
  25 fauns
  8 manticores
  38 black mambas
  2 cyclopes (shapeshifter)
  17 naga magi
  4 elephants (Lair:6)
  14 merfolk sirens
  4 water nymphs
  2 centaur zombies
  7 guardian serpents
  8 yaktaurs
  11 spiny frogs
  6 komodo dragons
  5 centaur skeletons
  14 rime drakes
  An efreet (D:13)
  3 freezing wraiths (D:13)
  15 merfolk
  A yaktaur skeleton (D:15)
  8 tengu conjurers
  7 trolls
  Grinder (D:3)
  4 hornets
  10 blink frogs
  A hippogriff (shapeshifter) (D:13)
  2 wind drakes
  12 hippogriffs
  8 snapping turtles
  14 dream sheep
  15 slime creatures
  A spriggan zombie (D:15)
  3 wyverns
  Sigmund (D:2)
  A vampire (D:15)
  4 water elementals
  Eustachio (D:5)
  A spriggan skeleton (D:15)
  A human (D:12)
  6 wraiths
  3 basilisks
  31 yaks
  2 hungry ghosts
  3 hogs (D:12)
  7 steam dragons (Lair:6)
  3 vampire mosquitoes
  Menkaure (D:7)
  A warg (Orc:2)
  An acid dragon (D:13)
  Edmund (D:6)
  6 swamp worms (Lair:1)
  55 nagas
  16 water moccasins
  8 porcupines
  31 orc warriors
  Duvessa (D:5)
  A phantom (D:4)
  8 ice beasts
  A necrophage (D:8)
  2 sky beasts (D:8)
  3 hornet zombies
  6 wolves (Lair:6)
  2 boggarts
  17 centaurs
  17 ogres
  9 crocodiles
  Blork the orc (D:4)
  A big kobold (D:8)
  6 bullfrogs
  A wyvern zombie (D:9)
  Dowan (D:5)
  6 scorpions
  A wyvern skeleton (D:13)
  12 killer bees
  10 wights
  3 howler monkeys (D:11)
  8 crimson imps
  2 lava snakes (Snake:4)
  4 bullfrog zombies
  A quasit (D:9)
  6 jellies
  A human zombie (Ossuary)
  24 orc priests
  9 hounds
  A bullfrog skeleton (D:13)
  Crazy Yiuf (D:2)
  30 orc wizards
  8 iguanas
  7 worker ants
  A hound zombie (D:8)
  5 mummies (Ossuary)
  A howler monkey zombie (D:7)
  A river rat (D:8)
  15 adders
  10 shadow imps
  17 oozes
  2 adder skeletons
  2 worms (D:3)
  3 dart slugs
  2 leopard geckos
  88 orcs
  8 bats
  4 giant cockroaches
  5 goblins
  5 hobgoblins
  9 jackals
  18 kobolds
  5 quokkas
  6 ball pythons
  10 frilled lizards
  2 goblin zombies (Ossuary)
  A hobgoblin zombie (Ossuary)
  A jackal skeleton (D:6)
  A jackal zombie (D:5)
  A kobold zombie (Ossuary)
  A leopard gecko skeleton (D:6)
  3 orc zombies (Ossuary)
  6 rats
  A rat zombie (D:5)
  2 fungi (Lair:4)
  13 plants
  2 tentacles (Shoals:1)
1208 creatures vanquished.

Vanquished Creatures (collateral kills)
  A two-headed ogre (D:10)
1 creature vanquished.

Vanquished Creatures (others)
  A boggart (Depths:1)
  7 fungi
  9 plants
  6 tentacles (Shoals:1)
  2 withered plants (D:15)
25 creatures vanquished.

Grand Total: 1234 creatures vanquished

Notes
Turn   | Place    | Note
-------+----------+-------------------------------------------
     0 | D:1      | Kondrat the Formicid Fighter began the quest for the Orb.
     0 | D:1      | Reached XP level 1. HP: 18/18 MP: 1/1
    60 | D:1      | Reached XP level 2. HP: 13/24 MP: 2/2
   206 | D:1      | You fall through a shaft!
   337 | D:2      | Reached XP level 3. HP: 24/29 MP: 3/3
   889 | D:2      | Found a runed translucent door.
   890 | D:2      | Noticed Crazy Yiuf
   901 | D:2      | Killed Crazy Yiuf
   901 | D:2      | Reached XP level 4. HP: 6/37 MP: 4/4
  1274 | D:2      | Noticed Sigmund
  1284 | D:2      | Killed Sigmund
  1284 | D:2      | Reached skill level 5 in Shields
  1284 | D:2      | Reached XP level 5. HP: 43/43 MP: 5/5
  1284 | D:2      | Reached XP level 6. HP: 49/49 MP: 6/6
  1995 | D:3      | Found a basalt altar of Yredelemnul.
  2013 | D:3      | Noticed Grinder
  2029 | D:3      | Killed Grinder
  2029 | D:3      | Reached skill level 5 in Fighting
  2029 | D:3      | Reached skill level 5 in Armour
  2029 | D:3      | Reached XP level 7. HP: 11/56 MP: 7/7
  2368 | D:3      | Found a blossoming altar of Fedhas.
  2389 | D:3      | Found a white marble altar of Elyvilon.
  3060 | D:4      | Reached XP level 8. HP: 45/63 MP: 8/8
  3210 | D:4      | Found a staircase to the Ecumenical Temple.
  3215 | Temple   | Entered the Ecumenical Temple
  3358 | D:4      | Noticed Blork the orc
  3369 | D:4      | Killed Blork the orc
  3369 | D:4      | Reached skill level 5 in Staves
  3383 | D:4      | Found a glowing drain.
  3392 | Sewer    | Entered a sewer
  4834 | D:5      | Entered Level 5 of the Dungeon
  4857 | D:5      | Found a sand-covered staircase.
  4871 | D:5      | Noticed Duvessa
  4871 | D:5      | Noticed Dowan
  4879 | Ossuary  | Entered an ossuary
  5482 | D:5      | Killed Duvessa
  5482 | D:5      | Reached XP level 9. HP: 62/71 MP: 9/9
  5489 | D:5      | Killed Dowan
  5854 | D:5      | Found a shimmering altar of Xom.
  5856 | D:5      | Found an opulent altar of Gozag.
  5858 | D:5      | Found an iron altar of Okawaru.
  5866 | D:5      | Became a worshipper of Warmaster Okawaru
  5889 | D:5      | Found a burning altar of Makhleb.
  5983 | D:5      | Noticed Eustachio
  5988 | D:5      | Killed Eustachio
  6126 | D:6      | Reached * piety under Okawaru
  6429 | D:6      | Noticed Edmund
  6444 | D:6      | Killed Edmund
  7073 | D:7      | Found Niwolyf's Food Shoppe.
  7106 | D:7      | Reached ** piety under Okawaru
  7123 | D:7      | Reached XP level 10. HP: 48/83 MP: 10/10
  7336 | D:7      | Noticed Menkaure
  7351 | D:7      | Killed Menkaure
  7351 | D:7      | Reached skill level 10 in Fighting
  7945 | D:7      | Noticed Harold
  7957 | D:7      | Killed Harold
  7957 | D:7      | Reached *** piety under Okawaru
  8231 | D:8      | Found an ornate altar of the Wu Jian Council.
  8284 | D:8      | Noticed a death yak
  8288 | D:8      | Found a staircase to the Lair.
  8290 | D:8      | Noticed a death yak
  8293 | D:8      | Noticed a death yak
  8297 | D:8      | Killed a death yak
  8297 | D:8      | Reached skill level 10 in Armour
  8316 | D:8      | Killed a death yak
  8316 | D:8      | Reached **** piety under Okawaru
  8316 | D:8      | Reached XP level 11. HP: 72/92 MP: 8/11
  8330 | D:8      | Killed a death yak
  8330 | D:8      | Reached ***** piety under Okawaru
  8673 | D:8      | Found a glowing silver altar of Zin.
  8674 | D:8      | Found a deep blue altar of Sif Muna.
  8674 | D:8      | Found a sparkling altar of Nemelex Xobeh.
  8733 | D:8      | Found a transporter.
  8741 | D:8      | Noticed Unholydonuts's ghost (novice DEFE)
  8744 | D:8      | Found a transporter.
  8918 | D:8      | Found a glowing golden altar of the Shining One.
  9110 | D:8      | Found a shattered altar of Ashenzari.
  9191 | D:8      | Killed Unholydonuts's ghost
  9191 | D:8      | Reached skill level 3 in Axes
  9623 | D:8      | Reached skill level 4 in Axes
  9839 | D:9      | Reached skill level 5 in Axes
  9865 | D:9      | Noticed Erolcha
  9865 | D:9      | Noticed Erica
  9898 | D:9      | Killed Erolcha
  9898 | D:9      | Received a gift from Okawaru
  9898 | D:9      | Reached skill level 6 in Axes
  9956 | D:9      | Killed Erica
 10012 | D:9      | Reached skill level 7 in Axes
 10116 | D:9      | Found Xaenwiniesh's Book Boutique.
 10207 | D:10     | Entered Level 10 of the Dungeon
 10207 | D:10     | Noticed a two-headed ogre
 10217 | D:10     | Killed a two-headed ogre
 10257 | D:10     | Reached skill level 8 in Axes
 10257 | D:10     | Reached XP level 12. HP: 87/102 MP: 12/12
 10291 | D:10     | Noticed a two-headed ogre
 10296 | D:10     | Killed a two-headed ogre
 10467 | D:10     | Got a pair of jewelled boots
 10478 | D:10     | Identified the +3 pair of boots of Untold Secrets {+Fly
                  | rElec rC+ Str+5} (You found it on level 10 of the Dungeon)
 10611 | D:10     | Reached skill level 9 in Axes
 11334 | D:11     | Received a gift from Okawaru
 11350 | D:10     | Reached skill level 10 in Axes
 11644 | D:11     | Got a bloodstained ring mail {god gift}
 11655 | D:11     | Identified the +1 ring mail of the Lonely Souls {Str+2}
                  | (Okawaru gifted it to you on level 11 of the Dungeon)
 11974 | D:11     | Found a staircase to the Orcish Mines.
 12384 | D:12     | Noticed a two-headed ogre
 12404 | D:12     | Killed a two-headed ogre
 13143 | D:12     | Found Naamom's Gadget Shop.
 13450 | D:12     | Received a gift from Okawaru
 13451 | D:12     | Got a faintly humming ring mail {god gift}
 13475 | D:12     | Identified the +4 ring mail of Pride {Slay+2} (Okawaru
                  | gifted it to you on level 12 of the Dungeon)
 13587 | D:12     | Reached XP level 13. HP: 84/108 MP: 13/13
 13726 | D:12     | Reached skill level 11 in Axes
 14018 | D:13     | Noticed a vault guard
 14018 | D:13     | Noticed a vault guard
 14019 | D:13     | Found a gate to the Vaults.
 14019 | D:13     | Noticed a vault guard
 14019 | D:13     | Noticed a vault guard
 14019 | D:13     | Noticed a vault guard
 14020 | D:13     | Noticed a vault guard
 14020 | D:13     | Noticed a vault guard
 14020 | D:13     | Noticed a vault guard
 14064 | D:12     | Killed a vault guard
 14187 | D:12     | Killed a vault guard
 14192 | D:12     | Killed a vault guard
 14192 | D:12     | Reached skill level 12 in Axes
 14305 | D:13     | Killed a vault guard
 14325 | D:13     | Killed a vault guard
 14332 | D:13     | Killed a vault guard
 14345 | D:13     | Killed a vault guard
 14345 | D:13     | Reached skill level 13 in Axes
 14735 | D:13     | a vault guard changed into a shapeshifter
 14973 | D:13     | Received a gift from Okawaru
 14990 | D:13     | Got a steaming battleaxe {god gift}
 14991 | D:13     | Identified the +1 battleaxe of Ojeorgh {chop, rElec SInv}
                  | (Okawaru gifted it to you on level 13 of the Dungeon)
 15749 | D:13     | Reached skill level 14 in Axes
 16066 | D:13     | Noticed a frost giant
 16067 | D:13     | Noticed a centaur warrior
 16068 | D:13     | Noticed a stone giant
 16352 | D:13     | Killed a frost giant
 16352 | D:13     | Reached XP level 14. HP: 29/115 MP: 11/14
 16941 | D:13     | Reached ****** piety under Okawaru
 16953 | D:13     | Received a gift from Okawaru
 17094 | D:13     | Killed a stone giant
 17094 | D:13     | Reached skill level 15 in Axes
 17621 | D:15     | Entered Level 15 of the Dungeon
 17923 | D:13     | Received a gift from Okawaru
 18211 | D:14     | Reached skill level 16 in Axes
 18730 | D:14     | Received a gift from Okawaru
 18958 | D:15     | Identified the +0 leather armour of the Great Game {*Slow
                  | MR++ Regen+ rCorr}
 19075 | D:15     | Found a staircase to the Depths.
 19315 | D:15     | Reached skill level 17 in Axes
 19566 | D:15     | Reached XP level 15. HP: 87/120 MP: 12/15
 19567 | D:15     | Reached skill level 18 in Axes
 19567 | D:15     | Reached XP level 16. HP: 92/127 MP: 12/16
 20599 | D:15     | Received a gift from Okawaru
 20962 | Orc:1    | Entered Level 1 of the Orcish Mines
 20962 | Orc:1    | Noticed Josephine
 20970 | Orc:1    | Killed Josephine
 21089 | Orc:1    | Reached skill level 19 in Axes
 21131 | Orc:1    | Noticed Snorg
 21154 | Orc:1    | Killed Snorg
 21196 | Orc:1    | Found the +8 demon blade "Bloodbane" {slice, *Rage +Rage
                  | Stlth-}
 21203 | Orc:1    | Got a warped chain mail
 21214 | Orc:1    | Identified the +7 chain mail of Foolhardiness {+Fly rC+
                  | Dex-2 Slay+3} (You found it on level 1 of the Orcish Mines)
 21461 | Orc:1    | Noticed Nergalle
 21468 | Orc:1    | Killed Nergalle
 21709 | Orc:2    | Entered Level 2 of the Orcish Mines
 21725 | Orc:2    | Found a staircase to the Elven Halls.
 21958 | Orc:2    | Found Nieclad's Gadget Shoppe.
 22527 | Orc:2    | Received a gift from Okawaru
 22657 | Orc:2    | Reached skill level 20 in Axes
 23265 | Orc:2    | Found Gaenosh's Antique Armour Shop.
 23266 | Orc:2    | Found Meheirphuz's Antique Weapon Boutique.
 23267 | Orc:2    | Found Caavvulol's General Store.
 23267 | Orc:2    | Found Yryllimu's Book Shop.
 23679 | Depths:1 | Entered Level 1 of the Depths
 23751 | Depths:1 | Noticed a fire giant
 23769 | D:15     | Killed a fire giant
 24145 | D:15     | Reached XP level 17. HP: 104/136 MP: 15/17
 24307 | Depths:1 | Found Eripum's Antique Weapon Emporium.
 25094 | Depths:1 | Bought an executioner's axe for 300 gold pieces
 25094 | Depths:1 | Bought a glowing battleaxe for 285 gold pieces
 25156 | Depths:1 | Received a gift from Okawaru
 25577 | Depths:1 | Identified the +2 glaive of Gallantry {drain, *Drain rN++
                  | Str+2}
 25590 | Depths:1 | Received a gift from Okawaru
 25810 | Depths:1 | Noticed a storm dragon
 26007 | Depths:1 | Killed a storm dragon
 26383 | Depths:1 | Reached skill level 15 in Armour
 26435 | Depths:1 | Received a gift from Okawaru
 26436 | Depths:1 | Got a slimy chain mail {god gift}
 26447 | Depths:1 | Identified the +1 chain mail of Etra {rC+} (Okawaru gifted
                  | it to you on level 1 of the Depths)
 26836 | Depths:1 | Found a shimmering altar of Xom.
 26838 | Depths:1 | Found an iron altar of Okawaru.
 26838 | Depths:1 | Found a radiant altar of Vehumet.
 26840 | Depths:1 | Found a hazy altar of Hepliaklqana.
 26840 | Depths:1 | Found a bloodstained altar of Trog.
 26840 | Depths:1 | Found a white marble altar of Elyvilon.
 26851 | Depths:1 | Reached XP level 18. HP: 123/146 MP: 18/18
 26964 | Depths:1 | Found a gateway to Hell.
 27115 | Depths:1 | Got a translucent crystal amulet
 27132 | Depths:1 | Identified the amulet "Tufaus" {rF++ Regen+ Int+6 Stlth-}
                  | (You found it on level 1 of the Depths)
 27133 | Depths:1 | Identified 2 scrolls of acquirement
 27717 | Lair:1   | Entered Level 1 of the Lair of Beasts
 28600 | Lair:2   | Found a snail-covered altar of Cheibriados.
 28768 | Lair:2   | Received a gift from Okawaru
 28785 | Lair:2   | Reached skill level 15 in Fighting
 29451 | Lair:3   | Found a staircase to the Snake Pit.
 29536 | Lair:3   | Found a staircase to the Shoals.
 29660 | Lair:3   | You fall through a shaft!
 30684 | Lair:4   | Found a runed translucent gate.
 30684 | Lair:4   | Found a runed translucent gate.
 30685 | Lair:4   | Found a runed translucent gate.
 30826 | Lair:4   | Noticed EnegeticOcto's ghost (journeyman DDFi)
 30826 | Lair:4   | Noticed Aricsoirch's ghost (journeyman GrFi)
 30826 | Lair:4   | Noticed Tunlugh's ghost (adept GrEE)
 30882 | Lair:4   | Killed Aricsoirch's ghost
 30890 | Lair:4   | Killed EnegeticOcto's ghost
 30894 | Lair:4   | Killed Tunlugh's ghost
 30894 | Lair:4   | Received a gift from Okawaru
 31363 | Lair:5   | Found a staircase to the Slime Pits.
 31363 | Lair:5   | Found a viscous altar of Jiyva.
 31952 | Lair:6   | Entered Level 6 of the Lair of Beasts
 31997 | Lair:6   | Reached skill level 10 in Shields
 33218 | Lair:6   | Reached XP level 19. HP: 157/157 MP: 19/19
 33284 | Snake:1  | Entered Level 1 of the Snake Pit
 33284 | Snake:1  | Found an iron altar of Okawaru.
 33332 | Snake:1  | Received a gift from Okawaru
 35074 | Snake:3  | Found Jemulin's Antique Weapon Boutique.
 35074 | Snake:3  | Found Deiwy's Armour Shop.
 35075 | Snake:3  | Found Jeb Rajej's Magic Scroll Shop.
 35081 | Snake:3  | Bought a scroll of enchant armour for 120 gold pieces
 35081 | Snake:3  | Found Acwoyre's Assorted Antiques.
 35089 | Snake:3  | Bought a scroll of enchant armour for 352 gold pieces
 35089 | Snake:3  | Bought a pair of embroidered gloves for 352 gold pieces
 35089 | Snake:3  | Bought a scroll of enchant weapon for 352 gold pieces
 35144 | Snake:3  | Reached skill level 15 in Shields
 35203 | Snake:3  | Reached skill level 1 in Invocations
 35342 | Snake:3  | Reached skill level 5 in Invocations
 35524 | Snake:3  | Found Jodaango's Weapon Boutique.
 35784 | Snake:4  | Entered Level 4 of the Snake Pit
 35865 | Snake:4  | Found Vema's Weapon Shoppe.
 35905 | Snake:4  | Received a gift from Okawaru
 36289 | Snake:4  | Reached XP level 20. HP: 164/164 MP: 26/26
 36519 | Snake:4  | Received a gift from Okawaru
 36645 | Snake:4  | Reached skill level 21 in Axes
 36721 | Snake:4  | Received a gift from Okawaru
 37028 | Snake:4  | Got a serpentine rune of Zot
 37218 | Shoals:1 | Entered Level 1 of the Shoals
 37580 | Shoals:1 | Reached skill level 22 in Axes
 37713 | Shoals:1 | Received a gift from Okawaru
 37898 | Shoals:2 | Received a gift from Okawaru
 37906 | Shoals:2 | Reached XP level 21. HP: 164/171 MP: 27/27
 37922 | Shoals:2 | Noticed Ilsuiw
 37957 | Shoals:2 | Killed Ilsuiw
 38905 | Shoals:3 | Found a deep blue altar of Sif Muna.
 39359 | Shoals:4 | Entered Level 4 of the Shoals
 39437 | Shoals:4 | Found a runed translucent gate.
 39437 | Shoals:4 | Found a runed translucent gate.
 39437 | Shoals:4 | Found a runed translucent gate.
 39441 | Shoals:4 | Noticed tidbits's ghost (journeyman GnSk)
 39489 | Shoals:4 | Reached skill level 23 in Axes
 39515 | Shoals:4 | Noticed Polyphemus
 39527 | Shoals:4 | HP: 2/171 [manticore/volley of spikes (10)]
 39527 | Shoals:4 | Slain by a merfolk

Skill      XL: |  1  2  3  4  5  6  7  8  9 10 11 12 13 14 15 16 17 18 19 20 21 |
---------------+----------------------------------------------------------------+-----
Shields        | 4 5 6 7 9 12 15 | 15.0
Fighting       | 4 5 6 9 10 12 13 14 16 | 16.0
Staves         | 3 4 5 |  5.6
Armour         | 4 5 6 10 12 15 16 | 16.0
Axes           | 8 10 14 17 18 20 22 23 | 23.0
Invocations    | 9 |  9.0

Action                   |  1- 3 |  4- 6 |  7- 9 | 10-12 | 13-15 | 16-18 | 19-21 || total
-------------------------+-------+-------+-------+-------+-------+-------+-------++-------
Melee: Quarterstaff      |    91 |    60 |   399 |   636 |   202 |       |       ||  1388
       Broad axe         |       |       |       |       |   421 |   745 |       ||  1166
       Battleaxe         |       |       |       |       |     7 |   799 |  1223 ||  2029
Throw: Throwing net      |       |       |       |       |       |     1 |       ||     1
Invok: Heroism           |       |       |     1 |    13 |    22 |    26 |     3 ||    65
       Finesse           |       |       |       |       |       |       |     1 ||     1
 Abil: Shaft Self        |     1 |       |       |       |       |       |       ||     1
       Dig               |       |     1 |     8 |    13 |    29 |    39 |     1 ||    91
       Evoke Flight      |       |       |       |       |       |       |     3 ||     3
Evoke: Wand              |       |       |       |     5 |     9 |     3 |       ||    17
  Use: Potion            |     3 |       |       |     3 |    10 |       |       ||    16
       Scroll            |       |       |     9 |     5 |     3 |    17 |     3 ||    37
 Stab: Paralysed         |       |       |     1 |     9 |     4 |       |       ||    14
       Distracted        |       |       |       |     1 |     1 |       |       ||     2
       Petrified         |       |       |       |     7 |       |       |     2 ||     9
       Petrifying        |       |       |       |     2 |       |       |       ||     2
       Confused          |       |       |       |     1 |     1 |       |       ||     2
  Eat: Chunk             |       |     4 |     9 |    17 |    10 |    33 |    18 ||    91
       Ration            |       |       |     3 |     3 |     4 |    10 |     1 ||    21
Armor: Scale mail        |    45 |    20 |    81 |       |       |       |       ||   146
       Skin              |     2 |       |       |       |       |       |       ||     2
       Chain mail        |       |       |    29 |   214 |       |   395 |   416 ||  1054
       Plate armour      |       |       |       |    90 |   124 |    51 |       ||   265
       Ring mail         |       |       |       |     3 |    97 |       |       ||   100
Dodge: Dodged            |    40 |     9 |    93 |   172 |   146 |   258 |   190 ||   908
Block: Shield            |    53 |    24 |   185 |   386 |   312 |   474 |       ||  1434
       Large shield      |       |       |       |       |       |   170 |  1111 ||  1281
